 Dungeon Crawl Stone Soup version 0.22-a0-135-g6f012ad (webtiles) character file.

17 Azzok the Vexing (level 2, -2/15 HPs)
             Began as a Deep Elf Enchanter on Feb 1, 2018.
             Slain by a hobgoblin
             ... wielding a +0 club
              (4 damage)
             ... on level 1 of the Dungeon.
             The game lasted 00:01:25 (839 turns).

Azzok the Vexing (Deep Elf Enchanter)                Turns: 839, Time: 00:01:26

Health: -2/15      AC:  2    Str:  5    XL:     2   Next: 44%
Magic:  1/8        EV: 13    Int: 19    God:
Gold:   14         SH:  0    Dex: 15    Spells: 4/7 levels left

rFire    . . .     SeeInvis .   a - +1 dagger
rCold    . . .     Gourm    .   (no shield)
rNeg     . . .     Faith    .   b - +0 robe
rPois    .         Spirit   .   (no helmet)
rElec    .         Reflect  .   (no cloak)
rCorr    .         Harm     .   (no gloves)
MR       .....                  (no boots)
Stlth    +++.......             (no amulet)
HPRegen  0.05/turn              (no ring)
MPRegen  0.11/turn              (no ring)

@: no status effects
A: no striking features
a: no special abilities


You were on level 1 of the Dungeon.
You were not hungry.

You visited 1 branch of the dungeon, and saw 1 of its levels.

You collected 14 gold pieces.

Inventory:

Hand Weapons
 a - a +1 dagger (weapon)
Armour
 b - a +0 robe (worn)
 h - a +2 shield
Scrolls
 e - a scroll of immolation {unknown}
 g - a scroll of identify {unknown}
Books
 c - a book of Maledictions

   Spells                             Type                      Level
   a - Corona                         Hexes                        1
   b - Ensorcelled Hibernation        Hexes/Ice                    2
   c - Confuse                        Hexes                        3
   d - Tukima's Dance                 Hexes                        3
   e - Dazzling Spray                 Conjuration/Hexes            3
Comestibles
 d - 2 rations
 f - a chunk of flesh


   Skills:
 * Level 1.9 Short Blades
 - Level 2.4 Dodging
 + Level 4.0 Stealth
 - Level 3.0 Spellcasting
 + Level 4.3 Hexes


You had 4 spell levels left.
You knew the following spells:

 Your Spells              Type           Power        Failure   Level  Hunger
a - Corona                Hex            ###....      2%          1    None
b - Ensorcelled Hibernat  Hex/Ice        ##....       10%         2    ##.....


Dungeon Overview and Level Annotations

Branches:
Dungeon (1/15)

Altars:


Message History

The hobgoblin is lightly wounded.
The hobgoblin closely misses you. The hobgoblin completely misses you.
You closely miss the hobgoblin.
The hobgoblin is lightly wounded.
The hobgoblin hits you. The hobgoblin closely misses you.
Casting: Corona (safe; 2% risk of failure)
Confirm with . or Enter, or press ? or * to list all spells.
Aiming: Corona (safe; 2% risk of failure)
Press: ? - help, Shift-Dir - straight line, f/p - hobgoblin
Aim: a hobgoblin (chance to defeat MR: 73%)
The hobgoblin is outlined in light.
* * * LOW MAGIC WARNING * * *
The hobgoblin closely misses you. The hobgoblin hits you with a club.
* * * LOW HITPOINT WARNING * * *
You hit the hobgoblin but do no damage.
The hobgoblin hits you but does no damage.
You hit the hobgoblin.
The hobgoblin is moderately wounded.
The hobgoblin hits you with a club.
You die...

▒▒▒▒▒▒▒▒▒▒▒▒·(··········▒▒▒▒▒▒▒
··························)·····>
··▒▒▒▒▒▒▒·▒▒▒▒············▒▒▒▒▒▒·
··▒ ▒▒▒▒·▒ ▒············▒ ▒· ··▒
▒····▒ ▒············▒ ▒· ··▒
▒····▒ ▒············▒ ▒·
··▒▒▒▒····▒ ▒············▒ ▒·
··········▒▒▒▒▒▒▒▒▒▒▒▒▒▒▒▒▒▒▒▒▒▒·
············rggg@g······^········
·····r▒▒▒·▒▒▒▒▒▒▒▒▒▒▒▒▒▒▒▒▒▒▒▒▒··
▒▒▒▒▒·▒▒▒·▒ ▒▒▒▒▒▒·· ▒·▒······▒▒
≈≈≈≈≈≈≈≈· ▒·%g·▒····▒ (···8··≈·
▒r▒····▒▒·▒ ▒▒▒▒▒▒▒▒▒▒▒▒▒▒·≈·
▒†▒▒▒▒▒▒ ·▒ ▒)·····<·····▒8≈· ▒·r
·· ▒▒▒▒▒▒''▒▒▒▒▒▒·≈· ·g▒▒
▒·······§·§§§▒·≈·


You could see 3 hobgoblins, a goblin and a rat.

Vanquished Creatures
  A giant cockroach (D:1)
  3 goblins (D:1)
  4 hobgoblins (D:1)
  3 jackals (D:1)
  3 rats (D:1)
14 creatures vanquished.

Notes
Turn   | Place    | Note
-------+----------+-------------------------------------------
     0 | D:1      | Azzok the Deep Elf Enchanter began the quest for the Orb.
     0 | D:1      | Reached XP level 1. HP: 10/10 MP: 6/6
   602 | D:1      | Reached XP level 2. HP: 13/15 MP: 6/8
   734 | D:1      | Learned a level 2 spell: Ensorcelled Hibernation
   839 | D:1      | Slain by a hobgoblin

Vault maps used:
D:1:      lightli_arrival_isolated_outpost

Skill      XL: |  1  2 |
---------------+-------+-----
Stealth        | 4 |  4.0
Short Blades   | |  1.9
Dodging        | |  2.4
Spellcasting   | |  3.0
Hexes          | |  4.3

Action                   || total
-------------------------++-------
Melee: Dagger            ||    38
 Cast: Corona            ||     9
       Ensorcelled Hiber ||     4
 Stab: Sleeping          ||     6
Armor: Robe              ||     3
Dodge: Dodged            ||    23

Table legend:
 A = Spawn XP
 B = Non-spawn XP
 C = Spawn XP percentage of total XP
 D = Spawn monster count
 E = Non-spawn monster count
 F = Spawn count percentage of total count
 G = Total turns spent on level
                    A         B        C        D         E        F      G
               +---------+---------+-------+---------+---------+-------+---------
         Total |       0 |      25 |   0.0 |       0 |      14 |   0.0 |   839
               +---------+---------+-------+---------+---------+-------+---------
           D:1 |       0 |      25 |   0.0 |       0 |      14 |   0.0 |   839
               +---------+---------+-------+---------+---------+-------+---------
